 Dungeon Sprint DCSS version 0.27-a0-1006-g1fd4cec11e (webtiles) character file.

Game seed: 3370222945095731756

284 mhtbhm the Geomancer (level 6, -3/32 HPs)
             Began as a Deep Elf Earth Elementalist on Apr 17, 2021.
             Was a Follower of Vehumet.
             Shot with an arrow by a deep elf archer (18 damage)
             ... in the Dungeon (Sprint V: "Ziggurat Sprint").
             The game lasted 00:01:07 (264 turns).

mhtbhm the Geomancer (Deep Elf Earth Elementalist)   Turns: 264, Time: 00:01:08

Health: -3/32      AC:  5    Str:  5    XL:     6   Next: 7%
Magic:  19/19      EV: 14    Int: 34    God:    Vehumet [*.....]
Gold:   0          SH:  0    Dex: 15    Spells: 6/21 levels left

rFire    + . .     SeeInvis .   a - +8 lance "Wyrmbane" {slay drac, rPois rF+ rC+ AC+3}
rCold    + . .     Faith    .   (no shield)
rNeg     . . .     Spirit   .   c - +0 robe
rPois    +         Reflect  .   (no helmet)
rElec    .         Harm     .   (no cloak)
rCorr    .         Rampage  .   (no gloves)
Will     .....     NoTele   +   (no boots)
Stlth    +++.......             (no amulet)
HPRegen  0.10/turn              z - +6 ring of intelligence
MPRegen  0.16/turn              y - +6 ring of intelligence

@: no status effects
A: no striking features
a: Renounce Religion


You were in the Dungeon.
You worshipped Vehumet.
Vehumet was aware of your devotion.
You visited 1 branch

Inventory:

Hand Weapons
 a - the +8 lance "Wyrmbane" (weapon) {slay drac, rPois rF+ rC+ AC+3}
   (You found it in the Dungeon)

   It affects your AC (+3).
   It protects you from fire.
   It protects you from cold.
   It protects you from poison.
Missiles
 b - 29 stones
Armour
 c - a +0 robe (worn)
Jewellery
 v - the ring "Qaec" {Will+ rCorr}
   (You found it in the Dungeon)

   [ring of willpower]

   It protects you from acid and corrosion.
   It increases your willpower.
 y - a +6 ring of intelligence (right hand)
 z - a +6 ring of intelligence (left hand)
Wands
 s - a wand of mindburst (7)
 t - a wand of iceblast (3)
 u - a wand of acid (7)
Scrolls
 i - 4 scrolls of blinking
 n - 4 scrolls of amnesia
 o - 7 scrolls of fog
 p - a scroll of holy word
 q - 5 scrolls of identify
 r - 2 scrolls of fear
Potions
 d - 10 potions of curing
 e - 10 potions of heal wounds
 f - 6 potions of haste
 g - 7 potions of magic
 h - 3 potions of berserk rage
 j - 2 potions of invisibility
 k - 4 potions of resistance
 l - a potion of experience
 m - 5 potions of might
 C - 2 potions of brilliance


   Skills:
 + Level 5.9 Dodging
 + Level 5.3 Stealth
 + Level 8.0 Spellcasting
 + Level 1.8 Transmutations
 + Level 10.6 Earth Magic
 + Level 1.8 Evocations


You had 6 spell levels left.
You knew the following spells:

 Your Spells              Type           Power      Damage    Failure   Level
a - Sandblast             Erth           100%       2d20      1%          1
b - Passwall              Tmut/Erth      45%        N/A       1%          2
c - Stone Arrow           Conj/Erth      100%       3d13      1%          3
d - Lee's Rapid Deconstr  Erth           36%        3d19*     1%          5
e - Petrify               Tmut/Erth      54%        N/A       2%          4

Your spell library contained the following spells:

 Spells                   Type           Power      Damage    Failure   Level
 Shock                    Conj/Air       52%        1d6       3%          1
 Cause Fear               Hex            6%         N/A       32%         4
 Yara's Violent Unravell  Hex/Tmut       10%        3d6       52%         5
 Silence                  Hex/Air        6%         N/A       65%         5
 Discord                  Hex            6%         N/A       100%        8


Dungeon Overview and Level Annotations

Branches:
Dungeon (1/1)

Altars:
Ashenzari
Cheibriados
Dithmenos
Elyvilon
Fedhas
Gozag
Hepliaklqana
Kikubaaqudgha
Makhleb
Nemelex Xobeh
Okawaru
Qazlal
Ru
Sif Muna
Trog
Uskayaw
Vehumet
Wu Jian
Xom
Yredelemnul
Zin
The Shining One
Beogh
Jiyva
Lugonu


Message History

You feel clever.
Unknown command.
Unknown command.
You see here a scorpion corpse.
You see here a +4 ring mail of fire resistance.
w - a +6 ring of dexterity Drop what? 26/52 slots (_ for help) (? for menu, Esc to quit)
You drop a +6 ring of dexterity.
You see here a +4 ring mail of fire resistance.
You pick up a book of Hexes and begin reading...
You add the spells Cause Fear, Yara's Violent Unravelling, Silence and Discord to your library.
This spell is quite dangerous to cast!
Memorise Lee's Rapid Deconstruction, consuming 5 spell levels and leaving 10?
You start memorising the spell.
You continue memorising. x5
You finish memorising.
Spell assigned to 'd'.
Unknown command.
This spell is quite dangerous to cast!
Memorise Petrify, consuming 4 spell levels and leaving 6?
You start memorising the spell.
You continue memorising. x4
You finish memorising.
Spell assigned to 'e'.
Unknown command.
Okay, then.
You see here a +4 ring mail of fire resistance.
You start waiting.
Done waiting.
There is a transporter here.
Welcome to arena 3.
You enter the transporter and appear at another place. 2 deep elf archers and 2 deep elf zephyrmancers come into view.
The deep elf archer shouts!
The deep elf zephyrmancer shouts!
The deep elf archer shouts!
The deep elf archer unwields a +0 short sword.
The deep elf archer wields a +0 longbow.
The deep elf archer shoots an arrow.
The arrow hits you!
Ouch! That really hurt!
The deep elf archer unwields a +0 short sword.
The deep elf archer wields a +0 shortbow.
The deep elf archer shoots an arrow.
The arrow hits you!!
Ouch! That really hurt!
You die...

▓▓▓▓▓▓▓▓▓▓▓▓▓▓▓▓▓▓▓
▓.8©8.▓.8©8.▓.8©8.▓
▓.e[e.▓.=[..▓.....▓
▓..ee.▓..††.▓...[.▓
▓.....▓.....▓.....▓
▓.....▓.....▓..†..▓
▓.....▓.....▓..©..▓
▓..@..▓..©..▓▓▓▓▓▓▓
▓▓▓▓▓▓▓▓▓▓▓▓▓


You could see 2 deep elf archers and 2 deep elf zephyrmancers.

Vanquished Creatures
  A sky beast (D)
  3 scorpions (D)
  An iron imp (D)
5 creatures vanquished.

Notes
Turn   | Place    | Note
-------+----------+-------------------------------------------
     0 | D        | mhtbhm the Deep Elf Earth Elementalist began the quest for
                  | the Orb.
     0 | D        | Reached XP level 1. HP: 10/10 MP: 6/6
     0 | D        | Found a blossoming altar of Fedhas.
     1 | D        | Found the +6 Majin-Bo {vamp, MP+6 Int+6}
     1 | D        | Found the +9 heavy crossbow "Sniper" {vorpal, Acc+∞ SInv}
     1 | D        | Found the +10 dark maul {vorpal}
     1 | D        | Found the +15 Maxwell's patent armour {-Cast -Tele rElec
                  | Will+ rCorr}
     1 | D        | Found the +18 shield of the Gong {rElec rN+ Will+ EV-5}
     1 | D        | Found the +14 obsidian axe {vorpal, Drain Fly SInv}
     1 | D        | Found the +7 great mace "Firestarter" {inner flame, rF++}
     1 | D        | Found the +6 shillelagh "Devastator" {shatter}
     1 | D        | Found the +11 plutonium sword {Contam Stlth-}
     1 | D        | Found the +8 lance "Wyrmbane" {slay drac, rPois rF+ rC+
                  | AC+3}
     1 | D        | Found the +9 sword of Zonguldrok {reap}
     1 | D        | Found the +13 scythe of Curses {drain, Drain}
     1 | D        | Found the +5 sword of Power {vorpal}
     1 | D        | Found the +7 mace of Variability {chain chaos}
     1 | D        | Found the +7 Singing Sword {vorpal, sonic wave}
     1 | D        | Found the +8 storm bow {elec, penet}
     1 | D        | Found a shimmering blue altar of Sif Muna.
     1 | D        | Found a sacrificial altar of Ru.
     1 | D        | Found a bloodstained altar of Trog.
     1 | D        | Found a stormy altar of Qazlal.
     1 | D        | Found an iron altar of Okawaru.
     1 | D        | Found a sparkling altar of Nemelex Xobeh.
     3 | D        | Found a transporter.
     3 | D        | Found an ancient bone altar of Kikubaaqudgha.
     3 | D        | Found a viscous altar of Jiyva.
     3 | D        | Found a corrupted altar of Lugonu.
     3 | D        | Found a hazy altar of Hepliaklqana.
     3 | D        | Found a burning altar of Makhleb.
     3 | D        | Found an opulent altar of Gozag.
    48 | D        | Became a worshipper of Vehumet
    65 | D        | Entered arena 2.
    65 | D        | Noticed an iron imp
    65 | D        | Noticed a sky beast
    65 | D        | Found a transporter.
    67 | D        | Killed an iron imp
    68 | D        | Reached skill level 5 in Earth Magic
    68 | D        | Reached XP level 2. HP: 15/15 MP: 6/9
    68 | D        | Killed a sky beast
    69 | D        | Reached skill level 8 in Earth Magic
    69 | D        | Reached XP level 3. HP: 19/19 MP: 5/12
    69 | D        | Reached XP level 4. HP: 24/24 MP: 5/14
    72 | D        | Learned a level 2 spell: Passwall
    76 | D        | Learned a level 3 spell: Stone Arrow
    80 | D        | Got the ring "Qaec" {Will+ rCorr}
   135 | D        | Entered arena 3.
   135 | D        | Noticed a scorpion
   135 | D        | Noticed a scorpion
   135 | D        | Noticed a scorpion
   135 | D        | Found a transporter.
   137 | D        | Killed a scorpion
   137 | D        | Reached * piety under Vehumet
   137 | D        | Offered knowledge of Shock by Vehumet.
   137 | D        | Killed a scorpion
   137 | D        | Killed a scorpion
   138 | D        | Reached skill level 5 in Dodging
   138 | D        | Reached skill level 5 in Stealth
   138 | D        | Reached skill level 10 in Earth Magic
   138 | D        | Reached skill level 1 in Evocations
   138 | D        | Reached XP level 5. HP: 28/28 MP: 14/17
   138 | D        | Reached XP level 6. HP: 32/32 MP: 15/19
   157 | D        | Learned a level 5 spell: Lee's Rapid Deconstruction
   162 | D        | Learned a level 4 spell: Petrify
   264 | D        | Entered arena 4.
   264 | D        | Noticed a deep elf archer
   264 | D        | Noticed a deep elf zephyrmancer
   264 | D        | Noticed a deep elf archer
   264 | D        | Noticed a deep elf zephyrmancer
   264 | D        | Found a transporter.
   264 | D        | Shot with an arrow by a deep elf archer

Illustrated notes

Levels and vault maps discovered:
D:        sprint_v [room_start, room_1, room_2, room_3, room_4, room_5, room_6,
          room_7, room_8, room_9, room_10, room_11, room_12, room_13, room_14,
          room_15, room_16, room_17, room_18, room_19, room_20, room_21,
          room_22, room_23, room_24, room_25, room_26, room_27]

Skill      XL: |  1  2  3  4 |
---------------+-------------+-----
Dodging        | 3 4 5 |  5.9
Stealth        | 3 4 5 |  5.3
Spellcasting   | 4 6 8 |  8.0
Earth Magic    | 5 8 10 | 10.6
Evocations     | 1 |  1.8
Transmutations | |  1.8

Action                   |  1- 3 |  4- 6 || total
-------------------------+-------+-------++-------
 Cast: Sandblast         |     1 |       ||     1
Evoke: Wand              |     2 |     2 ||     4

Table legend: (Time is in decaauts)
 A = Elapsed time spent in this place.
 B = Non-inter-level travel time spent in this place.
 C = Inter-level travel time spent in this place.
 D = Time resting spent in this place.
 E = Time spent auto-exploring this place.
 F = Levels seen in this place.
 G = Mean time per level.
                   A        B        C        D        E       F      G
               +--------+--------+--------+--------+--------+-----+--------+
         Total |    262 |    262 |      0 |    149 |      0 |   1 |  262.0 |
       Dungeon |    262 |    262 |      0 |    149 |      0 |   1 |  262.0 |
               +--------+--------+--------+--------+--------+-----+--------+

Top non-repeatable levels by time:
       D: 262 daAuts
